 Dungeon Crawl Stone Soup version 0.16-a0-3606-g1520cdc (webtiles) character file.

222 PolkaDot the Insei (level 5, -6/47 HPs)
             Began as a Draconian Monk on Jan 13, 2015.
             Mangled by a river rat (7 damage)
             ... in a sewer.
             The game lasted 00:07:21 (3375 turns).

PolkaDot the Insei (Draconian Monk)                 Turns: 3375, Time: 00:07:22

Health: -6/47      AC:  5    Str: 13    XL:     5   Next: 66%
Magic:  0/5        EV: 13    Int: 11    God:
Gold:   111        SH:  0    Dex: 14    Spells: 0 memorised, 4 levels left

rFire  . . .     SeeInvis .       - Unarmed
rCold  . . .     Clarity  .     (armour unavailable)
rNeg   . . .     SustAb   .     (no shield)
rPois  .         Gourm    .     (helmet restricted)
rElec  .         Spirit   +     (no cloak)
rCorr  .         Warding  .     (no gloves)
rMut   .         Stasis   .     (no boots)
MR     .....                    e - amulet of guardian spirit
Stlth  +++.......               (no ring)
                                k - ring of stealth

@: lethally poisoned, very slightly contaminated, hasted, very quick, not
resistant to hostile enchantments, fairly stealthy
A: unfitting armour, cold-blooded, AC +5
a: no special abilities


You were in a sewer.
You were hungry.

You visited 2 branches of the dungeon, and saw 5 of its levels.
You also visited: Sewer.

You collected 111 gold pieces.

Inventory:

Jewellery
 e - an amulet of guardian spirit (around neck)
 k - a ring of stealth (left hand)
Magical devices
 o - a wand of polymorph (0)
Scrolls
 a - 3 scrolls of remove curse
 d - a scroll of enchant weapon
 f - 3 scrolls of teleportation
 h - 2 scrolls of enchant armour
 i - a scroll of fog
 n - a scroll of fear
Potions
 p - 5 potions of heal wounds
 q - a potion of haste
Comestibles
 b - 4 bread rations
 c - 3 meat rations
 g - a slice of pizza
 j - 2 chunks of flesh
 l - a beef jerky
 r - 3 fruits


   Skills:
 + Level 4.7 Fighting
 + Level 3.5 Dodging
 - Level 1.7 Stealth
 * Level 5.7 Unarmed Combat


You had 4 spell levels left.
You didn't know any spells.

Dungeon Overview and Level Annotations

Branches:
Dungeon (4/15)             Temple (1/1) D:4

Altars:
Ashenzari
Cheibriados
Elyvilon
Fedhas
Kikubaaqudgha
Qazlal
Xom
Zin
The Shining One


Innate Abilities, Weirdness & Mutations

Your plain brown scales are hard (AC +5).
Your body does not fit into most forms of armour.
Your cold-blooded metabolism reacts poorly to cold.


Message History

The river rat is moderately wounded.
The river rat barely misses you.
You punch the river rat!
You kill the river rat!
You feel sick.
You closely miss the river rat.
You tail-slap the river rat, but do no damage.
You hit the river rat but do no damage. The river rat bites you.
* * * LOW HITPOINT WARNING * * *
You barely miss the river rat. You hit the river rat.
Your punch misses the river rat.
The river rat is moderately wounded.
You feel sick. The river rat bites you!
* * * LOW MAGIC WARNING * * *;
* * * LOW HITPOINT WARNING * * *
You are feeling hungry.
You hit the river rat.
The river rat is heavily wounded.
The river rat bites you!
* * * LOW MAGIC WARNING * * *
You die...

##..≈≈≈≈≈......#
#....≈≈≈≈......#
.....≈≈≈......##
.....≈≈.......##
.....≈≈........##
.....≈≈.........##
.....≈≈.......#.r#
.....≈≈......###r#
.....≈≈......###@#
##...≈≈.......####
##..≈≈≈......##
##..≈≈≈.......#
#..≈≈≈≈.......##
...≈≈≈≈≈.......#
...≈≈≈≈≈.......#
..≈≈≈≈≈......÷#
..≈≈≈≈≈≈.....##


You could see a river rat and a rat.

Vanquished Creatures
  Ijyb (D:2)
  Robin (D:3)
  4 adders
  2 river rats (Sewer)
  3 giant mites
  An orc (D:3)
  3 ball pythons
  4 giant cockroaches
  14 goblins
  13 hobgoblins
  14 jackals
  A quokka (D:2)
  6 bats
  10 giant geckos
  3 giant newts
  13 kobolds
  18 rats
111 creatures vanquished.

Notes
Turn   | Place    | Note
--------------------------------------------------------------
     0 | D:1      | PolkaDot, the Draconian Monk, began the quest for the Orb.
     0 | D:1      | Reached XP level 1. HP: 19/19 MP: 1/1
   461 | D:1      | Reached XP level 2. HP: 26/26 MP: 2/2
   960 | D:2      | Reached XP level 3. HP: 31/33 MP: 3/3
  1359 | D:2      | Reached skill level 5 in Unarmed Combat
  1362 | D:2      | Reached XP level 4. HP: 36/40 MP: 4/4
  1786 | D:2      | Noticed Ijyb
  1810 | D:2      | Killed Ijyb
  2051 | D:3      | Noticed Robin
  2091 | D:3      | Killed Robin
  2168 | D:3      | Reached XP level 5. HP: 36/47 MP: 5/5
  2519 | D:3      | You fall through a shaft!
  2525 | D:4      | Found a stormy altar of Qazlal.
  2551 | D:4      | Found a staircase to the Ecumenical Temple.
  2575 | Temple   | Entered the Ecumenical Temple
  2965 | D:4      | Found a glowing drain.
  3024 | Sewer    | Entered a sewer
  3374 | Sewer    | HP: 1/47 [river rat (9)]
  3375 | Sewer    | Mangled by a river rat

Action                   |  1- 3 |  4- 6 || total
-------------------------+-------+-------++-------
Melee: Unarmed           |   124 |   235 ||   359
  Use: Potion            |     2 |     2 ||     4
       Scroll            |       |     9 ||     9
 Stab: Sleeping          |     3 |     2 ||     5
  Eat: Chunk             |     2 |     6 ||     8
